General information
- name: BNet
- type: Ladder team game (AT/RT)
- host: Battle.net
- saver: sc2no.wc4yes
map: FullScaleAssault
- players: 8
- length: 68:18
- speed: Fast
- version: 1.26 W3XP
- replay type: Public
» download(607 KB)
Players
team 1 (winner)

»
tryingrandom (
blue | 137 APM | 9363 actions | 68:17)
6 Blademaster
2 Wind Walk
3 Critical Strike
1 Bladestorm
5 Shadow Hunter
2 Hex
3 Healing Wave
» actions
| Assign group hotkey | 51 | |
| Basic commands | 553 | |
| Build / train | 122 | |
| ESC pressed | 15 | |
| Enter build submenu | 27 | |
| Enter hero's abilities submenu | 11 | |
| Give item / drop item | 4 | |
| Right click | 4126 | |
| Select / deselect | 929 | |
| Select group hotkey | 3010 | |
| Use ability | 515 | |
9363 total
» units
| Peon | 22 | |
| Wind Rider | 18 | |
| Troll Batrider | 12 | |
| Goblin Zeppelin | 3 | |
| Kodo Beast | 2 | |
| Raider | 4 | |
61 total
» upgrades
| Ranged Weapons | 2 | |
| Armor | 2 | |
| Envenomed Spears | 1 | |
| Liquid Fire | 1 | |
| Reinforced Defenses | 1 | |
| Ensnare | 1 | |
| Pillage | 1 | |
9 total
» buildings
| Altar of Storms | 1 | |
| Orc Burrow | 6 | |
| Voodoo Lounge | 1 | |
| War Mill | 1 | |
| Watch Tower | 18 | |
| Stronghold | 2 | |
| Beastiary | 2 | |
| Fortress | 3 | |
34 total
» build order
00:03 Altar of Storms
00:18 Orc Burrow
00:34 Voodoo Lounge
01:25 Orc Burrow
01:35 War Mill
03:03 Watch Tower
03:05 Watch Tower
03:12 Watch Tower
03:23 Watch Tower
04:32 Stronghold
05:37 Watch Tower
05:39 Watch Tower
05:42 Watch Tower
05:45 Orc Burrow
05:46 Orc Burrow
05:47 Orc Burrow
06:59 Beastiary
07:29 Beastiary
09:09 Fortress
09:09 Fortress
18:08 Orc Burrow
18:37 Watch Tower
18:38 Watch Tower
18:38 Watch Tower
18:39 Watch Tower
18:39 Watch Tower
18:40 Watch Tower
29:01 Watch Tower
29:04 Watch Tower
30:12 Watch Tower
30:12 Watch Tower
30:13 Watch Tower
» items
| Healing Salve | 4 | |
| Lesser Clarity Potion | 11 | |
| Boots of Speed | 1 | |
| Dust of Appearance | 1 | |
| Tiny Great Hall | 1 | |
| Potion of Healing | 2 | |
| Scroll of Town Portal | 2 | |
| Orb of Lightning | 1 | |
| Scroll of Speed | 1 | |
24 total
sc2no.wc4yes (
red | 72 APM | 4901 actions | 68:18)
7 Pit Lord
3 Rain of Fire
3 Cleaving Attack
1 Doom
6 Archmage
3 Blizzard
2 Brilliance Aura
1 Mass Teleport
6 Blood Mage
3 Flame Strike
2 Siphon Mana
1 Summon Phoenix
» actions
| Assign group hotkey | 69 | |
| Basic commands | 84 | |
| Build / train | 170 | |
| ESC pressed | 12 | |
| Enter build submenu | 76 | |
| Enter hero's abilities submenu | 20 | |
| Give item / drop item | 8 | |
| Remove unit from queue | 1 | |
| Right click | 2140 | |
| Select / deselect | 707 | |
| Select group hotkey | 1015 | |
| Use ability | 599 | |
4901 total
» units
| Peasant | 24 | |
| Goblin Shredder | 5 | |
| Goblin Zeppelin | 5 | |
34 total
» upgrades
| Lumber Harvesting | 2 | |
| Masonry | 3 | |
| Magic Sentry | 1 | |
| Storm Hammers | 1 | |
| Swords | 2 | |
| Armor | 1 | |
| Animal War Training | 1 | |
11 total
» buildings
| Altar of Kings | 1 | |
| Farm | 19 | |
| Lumber Mill | 1 | |
| Scout Tower | 168 | |
| Town Hall | 5 | |
| Arcane Tower | 3 | |
| Guard Tower | 67 | |
| Keep | 1 | |
| Castle | 2 | |
| Arcane Sanctum | 1 | |
| Arcane Vault | 3 | |
| Gryphon Aviary | 6 | |
| Blacksmith | 2 | |
| Barracks | 1 | |
280 total
» build order
00:08 Altar of Kings
00:10 Farm
00:45 Farm
00:49 Farm
01:08 Lumber Mill
01:45 Farm
02:45 Scout Tower
03:42 Town Hall
03:44 Scout Tower
03:45 Scout Tower
03:49 Scout Tower
03:50 Scout Tower
04:04 Arcane Tower
04:15 Arcane Tower
04:17 Guard Tower
04:17 Guard Tower
04:18 Guard Tower
04:30 Scout Tower
04:32 Scout Tower
04:52 Guard Tower
04:52 Guard Tower
04:59 Guard Tower
05:05 Scout Tower
05:07 Scout Tower
05:09 Guard Tower
05:10 Guard Tower
05:36 Scout Tower
05:38 Scout Tower
05:39 Guard Tower
05:40 Guard Tower
05:40 Guard Tower
06:00 Scout Tower
06:02 Scout Tower
06:05 Guard Tower
06:05 Guard Tower
06:16 Scout Tower
06:27 Keep
06:29 Scout Tower
06:31 Scout Tower
06:32 Scout Tower
06:40 Guard Tower
06:40 Guard Tower
06:45 Scout Tower
06:45 Scout Tower
06:45 Scout Tower
06:50 Scout Tower
06:50 Scout Tower
07:05 Guard Tower
07:19 Town Hall
07:27 Guard Tower
07:28 Guard Tower
07:28 Guard Tower
07:28 Guard Tower
07:38 Scout Tower
07:54 Guard Tower
07:56 Scout Tower
08:21 Guard Tower
08:40 Scout Tower
08:40 Scout Tower
08:40 Scout Tower
08:41 Scout Tower
08:41 Scout Tower
08:43 Guard Tower
08:43 Guard Tower
09:36 Guard Tower
09:56 Scout Tower
09:56 Scout Tower
09:57 Scout Tower
09:57 Scout Tower
09:57 Scout Tower
09:58 Scout Tower
09:59 Scout Tower
10:08 Scout Tower
10:08 Scout Tower
10:08 Scout Tower
10:09 Scout Tower
10:09 Scout Tower
10:10 Scout Tower
10:10 Scout Tower
10:11 Scout Tower
10:11 Scout Tower
10:12 Scout Tower
10:12 Scout Tower
10:16 Farm
10:32 Guard Tower
10:35 Scout Tower
10:58 Castle
10:59 Castle
11:00 Guard Tower
11:01 Guard Tower
11:03 Scout Tower
11:03 Scout Tower
11:03 Scout Tower
11:04 Scout Tower
11:05 Scout Tower
11:12 Scout Tower
11:26 Scout Tower
11:26 Scout Tower
11:27 Scout Tower
11:27 Scout Tower
11:27 Scout Tower
11:28 Scout Tower
11:28 Scout Tower
11:29 Scout Tower
11:29 Scout Tower
11:29 Scout Tower
11:30 Scout Tower
11:32 Guard Tower
11:47 Guard Tower
11:50 Scout Tower
11:51 Scout Tower
12:32 Guard Tower
12:34 Scout Tower
12:34 Scout Tower
12:34 Scout Tower
12:35 Scout Tower
12:35 Scout Tower
12:36 Scout Tower
12:36 Scout Tower
12:36 Scout Tower
12:37 Scout Tower
12:37 Scout Tower
12:38 Scout Tower
12:38 Scout Tower
12:39 Scout Tower
12:39 Scout Tower
12:41 Arcane Sanctum
13:16 Guard Tower
13:17 Guard Tower
14:08 Guard Tower
14:08 Guard Tower
14:09 Guard Tower
14:12 Guard Tower
14:52 Scout Tower
14:52 Scout Tower
14:53 Scout Tower
14:53 Scout Tower
14:54 Scout Tower
14:54 Scout Tower
14:55 Scout Tower
14:55 Scout Tower
14:57 Scout Tower
14:57 Scout Tower
15:17 Guard Tower
15:19 Scout Tower
15:19 Scout Tower
15:19 Scout Tower
15:19 Scout Tower
15:20 Scout Tower
15:20 Scout Tower
15:20 Scout Tower
15:20 Scout Tower
15:21 Scout Tower
15:21 Scout Tower
15:22 Scout Tower
15:23 Scout Tower
15:26 Guard Tower
15:56 Guard Tower
15:58 Scout Tower
15:58 Scout Tower
15:59 Scout Tower
16:00 Scout Tower
16:09 Guard Tower
16:11 Guard Tower
17:10 Arcane Vault
17:13 Arcane Vault
17:13 Arcane Vault
17:16 Guard Tower
17:18 Guard Tower
18:02 Guard Tower
18:37 Scout Tower
18:37 Scout Tower
18:38 Scout Tower
18:38 Scout Tower
18:39 Scout Tower
18:39 Scout Tower
18:39 Scout Tower
18:40 Scout Tower
18:40 Scout Tower
18:41 Scout Tower
18:41 Scout Tower
18:42 Scout Tower
18:42 Scout Tower
18:42 Scout Tower
18:43 Scout Tower
18:43 Scout Tower
18:44 Scout Tower
18:44 Scout Tower
18:51 Scout Tower
18:51 Scout Tower
18:52 Scout Tower
19:26 Scout Tower
19:27 Scout Tower
19:28 Scout Tower
20:16 Guard Tower
21:38 Guard Tower
22:50 Guard Tower
23:01 Guard Tower
23:31 Guard Tower
25:06 Town Hall
27:07 Scout Tower
27:08 Scout Tower
27:08 Scout Tower
27:09 Scout Tower
27:10 Scout Tower
27:11 Scout Tower
27:12 Scout Tower
27:13 Scout Tower
27:14 Scout Tower
27:57 Guard Tower
28:38 Guard Tower
28:40 Scout Tower
28:41 Guard Tower
28:43 Guard Tower
28:46 Scout Tower
30:40 Gryphon Aviary
30:41 Gryphon Aviary
30:41 Gryphon Aviary
30:42 Gryphon Aviary
30:45 Gryphon Aviary
30:46 Gryphon Aviary
30:49 Blacksmith
30:50 Blacksmith
30:51 Barracks
30:52 Farm
30:52 Farm
30:53 Farm
30:53 Farm
30:53 Farm
30:54 Farm
30:54 Farm
30:55 Farm
31:26 Farm
31:27 Farm
31:27 Farm
31:27 Farm
31:27 Farm
31:28 Farm
41:25 Scout Tower
43:06 Town Hall
43:06 Scout Tower
43:07 Scout Tower
43:08 Scout Tower
43:08 Scout Tower
43:08 Scout Tower
43:09 Scout Tower
43:09 Scout Tower
43:10 Scout Tower
43:10 Scout Tower
43:11 Scout Tower
43:11 Scout Tower
43:12 Scout Tower
43:12 Scout Tower
43:34 Scout Tower
43:36 Scout Tower
43:38 Scout Tower
43:38 Scout Tower
43:38 Scout Tower
43:39 Scout Tower
43:39 Scout Tower
45:33 Arcane Tower
55:52 Town Hall
» items
| Boots of Speed | 3 | |
| Staff of Teleportation | 3 | |
| Scroll of Speed | 1 | |
| Healing Salve | 2 | |
| Lesser Clarity Potion | 3 | |
| Scroll of Town Portal | 5 | |
| Orb of Lightning | 2 | |
| Staff of Sanctuary | 3 | |
| Scroll of Regeneration | 1 | |
23 total

»
Orcrinds (
green | 19 APM | 1322 actions | 68:17)
7 Tauren Chieftain
2 Endurance Aura
3 War Stomp
1 Reincarnation
1 Shockwave
5 Shadow Hunter
2 Hex
2 Healing Wave
1 Serpent Ward
» actions
| Basic commands | 268 | |
| Build / train | 157 | |
| Enter build submenu | 30 | |
| Enter hero's abilities submenu | 21 | |
| Give item / drop item | 7 | |
| Remove unit from queue | 2 | |
| Right click | 49 | |
| Select / deselect | 600 | |
| Use ability | 188 | |
1322 total
» units
| Peon | 23 | |
| Grunt | 6 | |
| Tauren | 23 | |
| Shaman | 10 | |
| Troll Witch Doctor | 9 | |
| Troll Batrider | 18 | |
| Demolisher | 2 | |
91 total
» upgrades
| Pillage | 1 | |
| Spiked Barricades | 3 | |
| Melee Weapons | 3 | |
| Armor | 3 | |
| Berserker Strength | 1 | |
| Pulverize | 1 | |
| Shaman Training | 2 | |
| Witch Doctor Training | 2 | |
| Reinforced Defenses | 1 | |
| Liquid Fire | 1 | |
| Burning Oil | 1 | |
| Ranged Weapons | 3 | |
22 total
» buildings
| Orc Burrow | 9 | |
| Altar of Storms | 1 | |
| War Mill | 2 | |
| Barracks | 2 | |
| Watch Tower | 6 | |
| Voodoo Lounge | 2 | |
| Stronghold | 1 | |
| Great Hall | 1 | |
| Fortress | 1 | |
| Spirit Lodge | 1 | |
| Tauren Totem | 2 | |
| Beastiary | 1 | |
29 total
» build order
01:10 Orc Burrow
01:19 Altar of Storms
01:32 War Mill
01:41 Barracks
02:05 Orc Burrow
02:38 Barracks
03:08 Watch Tower
03:30 Voodoo Lounge
03:44 Watch Tower
03:54 Orc Burrow
04:29 Stronghold
05:00 Orc Burrow
06:46 Great Hall
08:03 Fortress
09:55 Orc Burrow
09:59 Voodoo Lounge
10:30 Spirit Lodge
10:59 Watch Tower
11:28 Tauren Totem
11:32 Tauren Totem
11:37 Orc Burrow
13:35 Orc Burrow
13:53 Watch Tower
13:57 Orc Burrow
14:15 War Mill
16:05 Watch Tower
16:21 Orc Burrow
18:42 Watch Tower
33:39 Beastiary
» items
| Scroll of Speed | 2 | |
| Healing Salve | 3 | |
| Scroll of Healing | 1 | |
| Potion of Lesser Invulnerability | 5 | |
| Dust of Appearance | 1 | |
| Lesser Clarity Potion | 2 | |
| Scroll of Town Portal | 7 | |
| Orb of Lightning | 2 | |
| Potion of Mana | 1 | |
| Boots of Speed | 1 | |
25 total

»
klinsibayern (
pink | 59 APM | 4017 actions | 68:18)
6 Dark Ranger
3 Black Arrow
2 Silence
1 Charm
5 Keeper of the Grove
3 Entangling Roots
2 Thorns Aura
5 Priestess of the Moon
3 Trueshot Aura
2 Searing Arrows
» actions
| Assign group hotkey | 61 | |
| Basic commands | 83 | |
| Build / train | 98 | |
| ESC pressed | 1 | |
| Enter build submenu | 18 | |
| Enter hero's abilities submenu | 17 | |
| Give item / drop item | 9 | |
| Right click | 1845 | |
| Select / deselect | 860 | |
| Select group hotkey | 918 | |
| Use ability | 105 | |
4017 total
» units
| Wisp | 20 | |
| Archer | 4 | |
| Hippogryph | 8 | |
| Chimaera | 12 | |
| Goblin Zeppelin | 4 | |
| Blue Dragon | 1 | |
| Faerie Dragon | 3 | |
52 total
» upgrades
| Strength of the Wild | 3 | |
| Reinforced Hides | 3 | |
| Well Spring | 1 | |
| Ultravision | 1 | |
| Corrosive Breath | 1 | |
9 total
» buildings
| Moon Well | 9 | |
| Altar of Elders | 1 | |
| Ancient of War | 1 | |
| Ancient of Wonders | 1 | |
| Tree of Ages | 1 | |
| Tree of Life | 1 | |
| Hunter's Hall | 1 | |
| Tree of Eternity | 1 | |
| Ancient of Wind | 2 | |
| Chimaera Roost | 2 | |
20 total
» build order
00:19 Moon Well
00:23 Altar of Elders
00:34 Ancient of War
01:42 Moon Well
02:00 Ancient of Wonders
04:18 Tree of Ages
05:05 Tree of Life
05:51 Hunter's Hall
05:55 Moon Well
06:44 Tree of Eternity
06:46 Ancient of Wind
06:57 Ancient of Wind
08:25 Moon Well
09:10 Chimaera Roost
09:12 Chimaera Roost
09:26 Moon Well
11:53 Moon Well
23:10 Moon Well
67:07 Moon Well
67:22 Moon Well
» items
| Lesser Clarity Potion | 3 | |
| Potion of Healing | 1 | |
| Staff of Preservation | 1 | |
| Scroll of Town Portal | 4 | |
| Orb of Venom | 1 | |
| Healing Salve | 2 | |
| Scroll of Regeneration | 1 | |
| Staff of Teleportation | 1 | |
14 total
team 2 (loser)
dhck (
orange | 119 APM | 8058 actions | 67:43)
7 Priestess of the Moon
3 Scout
3 Trueshot Aura
1 Starfall
6 Pandaren Brewmaster
2 Drunken Haze
3 Breath of Fire
1 Storm Earth and Fire
» actions
| Assign group hotkey | 63 | |
| Basic commands | 209 | |
| Build / train | 267 | |
| ESC pressed | 23 | |
| Enter build submenu | 77 | |
| Enter hero's abilities submenu | 13 | |
| Give item / drop item | 4 | |
| Right click | 2730 | |
| Select / deselect | 1474 | |
| Select group hotkey | 2727 | |
| Use ability | 471 | |
8058 total
» units
| Wisp | 107 | |
| Archer | 11 | |
| Druid of the Claw | 10 | |
| Goblin Zeppelin | 27 | |
| Dryad | 2 | |
| Druid of the Talon | 7 | |
| Blue Dragon | 21 | |
| Glaive Thrower | 5 | |
190 total
» upgrades
| Druid of the Claw Training | 2 | |
| Nature's Blessing | 1 | |
| Abolish Magic | 1 | |
| Mark of the Claw | 1 | |
| Improved Bows | 1 | |
| Marksmanship | 1 | |
| Druid of the Talon Training | 2 | |
| Strength of the Wild | 2 | |
| Reinforced Hides | 2 | |
| Vorpal Blades | 1 | |
14 total
» buildings
| Altar of Elders | 2 | |
| Moon Well | 7 | |
| Ancient of War | 2 | |
| Ancient of Wonders | 5 | |
| Tree of Ages | 4 | |
| Hunter's Hall | 1 | |
| Tree of Life | 11 | |
| Tree of Eternity | 2 | |
| Ancient Protector | 38 | |
| Ancient of Lore | 3 | |
| Ancient of Wind | 2 | |
77 total
» build order
00:05 Altar of Elders
00:12 Altar of Elders
00:20 Moon Well
01:18 Moon Well
01:32 Ancient of War
01:55 Ancient of War
02:12 Moon Well
03:18 Ancient of Wonders
04:40 Tree of Ages
04:41 Tree of Ages
04:41 Tree of Ages
04:47 Hunter's Hall
06:57 Tree of Life
07:12 Tree of Eternity
07:13 Tree of Eternity
07:42 Ancient Protector
07:46 Ancient Protector
08:12 Ancient of Lore
08:13 Ancient of Lore
08:14 Ancient of Lore
09:16 Ancient of Wonders
11:51 Ancient Protector
11:52 Ancient Protector
12:25 Moon Well
12:26 Moon Well
13:19 Tree of Life
14:02 Ancient of Wind
14:34 Ancient of Wind
16:06 Moon Well
16:10 Moon Well
17:27 Tree of Life
17:30 Ancient Protector
17:31 Ancient Protector
17:32 Ancient Protector
17:35 Ancient of Wonders
17:38 Ancient Protector
19:27 Ancient Protector
21:27 Ancient Protector
22:54 Ancient Protector
22:55 Ancient Protector
27:17 Ancient of Wonders
28:40 Tree of Life
30:37 Tree of Life
31:23 Tree of Life
31:27 Ancient Protector
31:28 Ancient Protector
31:29 Ancient Protector
31:31 Ancient Protector
31:39 Ancient Protector
31:54 Ancient Protector
31:56 Ancient Protector
35:43 Ancient Protector
35:43 Ancient Protector
35:45 Ancient Protector
35:50 Ancient Protector
36:35 Ancient Protector
38:12 Ancient Protector
38:13 Ancient Protector
38:14 Ancient Protector
38:56 Tree of Life
39:25 Tree of Life
40:06 Ancient Protector
40:07 Ancient Protector
43:15 Tree of Life
43:31 Ancient Protector
43:31 Ancient Protector
44:21 Ancient Protector
44:28 Ancient Protector
45:28 Tree of Life
46:25 Ancient Protector
46:27 Ancient Protector
47:09 Ancient of Wonders
47:14 Ancient Protector
53:36 Tree of Life
54:33 Ancient Protector
54:38 Ancient Protector
» items
| Healing Salve | 5 | |
| Staff of Preservation | 4 | |
| Potion of Healing | 2 | |
| Anti-magic Potion | 4 | |
| Orb of Lightning | 3 | |
| Scroll of Town Portal | 5 | |
23 total
kylor (
teal | 80 APM | 5435 actions | 68:17)
7 Tauren Chieftain
3 War Stomp
3 Endurance Aura
1 Reincarnation
6 Shadow Hunter
2 Hex
3 Healing Wave
1 Big Bad Voodoo
» actions
| Assign group hotkey | 43 | |
| Basic commands | 43 | |
| Build / train | 152 | |
| Enter build submenu | 52 | |
| Enter hero's abilities submenu | 13 | |
| Give item / drop item | 3 | |
| Remove unit from queue | 2 | |
| Right click | 2462 | |
| Select / deselect | 1725 | |
| Select group hotkey | 644 | |
| Use ability | 296 | |
5435 total
» units
| Peon | 43 | |
| Troll Headhunter/Berserker | 12 | |
| Goblin Zeppelin | 19 | |
| Kodo Beast | 1 | |
| Troll Witch Doctor | 6 | |
| Spirit Walker | 5 | |
| Demolisher | 4 | |
| Wind Rider | 7 | |
| Raider | 5 | |
102 total
» upgrades
| Ranged Weapons | 3 | |
| Armor | 2 | |
| Troll Regeneration | 1 | |
| Berserker Upgrade | 1 | |
| Witch Doctor Training | 2 | |
| War Drums Damage Increase | 1 | |
| Reinforced Defenses | 1 | |
| Spirit Walker Training | 2 | |
| Burning Oil | 1 | |
| Envenomed Spears | 1 | |
| Ensnare | 1 | |
| Pillage | 1 | |
17 total
» buildings
| Orc Burrow | 9 | |
| War Mill | 1 | |
| Altar of Storms | 1 | |
| Barracks | 2 | |
| Voodoo Lounge | 1 | |
| Great Hall | 5 | |
| Stronghold | 1 | |
| Watch Tower | 19 | |
| Fortress | 1 | |
| Beastiary | 4 | |
| Spirit Lodge | 3 | |
47 total
» build order
00:25 Orc Burrow
00:39 War Mill
00:51 Altar of Storms
01:35 Barracks
01:50 Orc Burrow
02:10 Voodoo Lounge
03:47 Orc Burrow
04:34 Great Hall
06:14 Stronghold
06:26 Watch Tower
06:29 Watch Tower
06:36 Orc Burrow
09:15 Watch Tower
09:18 Watch Tower
09:42 Fortress
10:41 Watch Tower
10:45 Watch Tower
10:55 Watch Tower
10:57 Watch Tower
13:21 Beastiary
13:22 Spirit Lodge
13:23 Spirit Lodge
13:24 Barracks
13:41 Beastiary
13:44 Spirit Lodge
13:50 Orc Burrow
14:05 Watch Tower
14:07 Watch Tower
18:33 Orc Burrow
18:48 Watch Tower
20:26 Orc Burrow
20:29 Orc Burrow
30:49 Watch Tower
30:50 Watch Tower
30:51 Watch Tower
30:53 Watch Tower
31:15 Great Hall
31:38 Beastiary
31:39 Beastiary
32:02 Watch Tower
32:03 Watch Tower
32:06 Watch Tower
32:09 Watch Tower
35:42 Great Hall
37:31 Great Hall
49:43 Great Hall
59:36 Orc Burrow
» items
| Healing Salve | 2 | |
| Lesser Clarity Potion | 1 | |
| Scroll of Town Portal | 8 | |
| Orb of Lightning | 2 | |
| Potion of Healing | 1 | |
14 total

»
TylerF (
purple | 99 APM | 6776 actions | 68:10)
8 Far Seer
3 Feral Spirit
3 Chain Lighting
1 Earth Quake
1 Far Sight
6 Shadow Hunter
3 Hex
2 Healing Wave
1 Big Bad Voodoo
» actions
| Assign group hotkey | 144 | |
| Basic commands | 499 | |
| Build / train | 145 | |
| Enter build submenu | 47 | |
| Enter hero's abilities submenu | 15 | |
| Give item / drop item | 8 | |
| Remove unit from queue | 7 | |
| Right click | 2053 | |
| Select / deselect | 1163 | |
| Select group hotkey | 2327 | |
| Use ability | 368 | |
6776 total
» units
| Peon | 24 | |
| Grunt | 4 | |
| Goblin Shredder | 4 | |
| Giant Sea Turtle | 1 | |
| Tauren | 3 | |
| Shaman | 10 | |
| Wind Rider | 13 | |
| Troll Batrider | 18 | |
| Troll Witch Doctor | 6 | |
| Goblin Zeppelin | 2 | |
| Blue Drake | 1 | |
| Peasant | 1 | |
87 total
» upgrades
| Berserker Strength | 1 | |
| Shaman Training | 2 | |
| Witch Doctor Training | 2 | |
| Reinforced Defenses | 1 | |
| Liquid Fire | 1 | |
| Envenomed Spears | 1 | |
| Melee Weapons | 1 | |
| Armor | 1 | |
10 total
» buildings
| Altar of Storms | 1 | |
| Orc Burrow | 8 | |
| Barracks | 1 | |
| Voodoo Lounge | 2 | |
| Stronghold | 1 | |
| War Mill | 1 | |
| Great Hall | 2 | |
| Fortress | 2 | |
| Watch Tower | 18 | |
| Spirit Lodge | 2 | |
| Tauren Totem | 2 | |
| Beastiary | 3 | |
| Altar of Kings | 1 | |
44 total
» build order
00:05 Altar of Storms
00:16 Orc Burrow
00:37 Barracks
01:23 Orc Burrow
01:51 Voodoo Lounge
03:10 Stronghold
04:03 Orc Burrow
04:36 War Mill
04:49 Orc Burrow
06:14 Great Hall
07:46 Fortress
07:46 Fortress
08:54 Watch Tower
08:55 Watch Tower
09:37 Spirit Lodge
09:40 Spirit Lodge
10:55 Tauren Totem
10:56 Tauren Totem
12:10 Beastiary
12:36 Beastiary
12:42 Beastiary
13:30 Orc Burrow
13:32 Orc Burrow
13:45 Orc Burrow
14:26 Orc Burrow
15:24 Watch Tower
16:36 Watch Tower
17:49 Watch Tower
17:51 Watch Tower
17:52 Watch Tower
17:54 Watch Tower
17:56 Watch Tower
19:00 Watch Tower
26:14 Watch Tower
26:14 Watch Tower
27:25 Great Hall
27:28 Watch Tower
28:34 Watch Tower
28:49 Watch Tower
29:43 Watch Tower
31:43 Watch Tower
32:57 Voodoo Lounge
34:02 Watch Tower
61:20 Altar of Kings
» items
| Boots of Speed | 1 | |
| Healing Salve | 5 | |
| Lesser Clarity Potion | 2 | |
| Scroll of Speed | 1 | |
| Orb of Lightning | 1 | |
| Scroll of Town Portal | 8 | |
| Potion of Healing | 2 | |
| Staff of Teleportation | 1 | |
21 total
kiangdalf (
yellow | 27 APM | 1068 actions | 40:14)
7 Paladin
2 Divine Shield
2 Holy Light
2 Devotion Aura
1 Resurrection
» actions
| Assign group hotkey | 17 | |
| Build / train | 67 | |
| Enter build submenu | 14 | |
| Enter hero's abilities submenu | 7 | |
| Give item / drop item | 6 | |
| Right click | 608 | |
| Select / deselect | 212 | |
| Select group hotkey | 65 | |
| Use ability | 72 | |
1068 total
» units
| Peasant | 10 | |
| Rifleman | 25 | |
| Goblin Zeppelin | 2 | |
37 total
» upgrades
| Gunpowder | 3 | |
| Armor | 3 | |
| Long Rifles | 1 | |
7 total
» buildings
| Farm | 9 | |
| Blacksmith | 1 | |
| Altar of Kings | 1 | |
| Barracks | 2 | |
| Arcane Vault | 1 | |
| Keep | 1 | |
| Castle | 1 | |
16 total
» build order
00:36 Farm
00:52 Blacksmith
01:12 Farm
01:22 Altar of Kings
01:51 Barracks
02:29 Farm
03:06 Farm
03:44 Farm
04:30 Farm
05:18 Arcane Vault
05:35 Keep
06:31 Farm
08:01 Castle
11:14 Farm
12:20 Farm
24:17 Barracks
» items
| Scroll of Regeneration | 3 | |
| Potion of Lesser Invulnerability | 1 | |
| Scroll of Town Portal | 5 | |
| Orb of Fire | 1 | |
| Lesser Clarity Potion | 1 | |
| Potion of Mana | 1 | |
| Scroll of Healing | 1 | |
13 total
Chat log
(00:07 / All) tryingrandom: gl hf
(00:08 / Allies) tryingrandom: hihi
(00:12 / All) TylerF: thx!
(00:28 / Allies) klinsibayern: units?
(00:37 / Allies) tryingrandom: bats n' wind riders
(00:55 / Allies) klinsibayern: green u melee?
(01:02 / Allies) Orcrinds: yup
(01:04 / Allies) klinsibayern: red share units pls
(01:07 / Allies) tryingrandom: what tavern
(01:07 / Allies) tryingrandom: hero?
(01:12 / Allies) sc2no.wc4yes: im a republican
(01:15 / Allies) sc2no.wc4yes: i dont believe in sharing
(01:16 / Allies) klinsibayern: i want dr
(01:20 / Allies) tryingrandom: xD
(01:22 / Allies) Orcrinds: lol
(01:26 / Allies) klinsibayern: sharing for hero
(01:31 / Allies) klinsibayern: i dont control ur units
(01:34 / Allies) klinsibayern: ty
(01:42 / Allies) tryingrandom: what hero
(01:44 / Allies) tryingrandom: r u 2 getting?
(01:46 / Allies) Orcrinds: tc
(01:48 / Allies) klinsibayern: dr
(01:48 / Allies) sc2no.wc4yes: pit man
(01:52 / Allies) tryingrandom: kk
(01:53 / Allies) Orcrinds: then sh
(02:03 / Allies) sc2no.wc4yes: pick it fast im taking away control right after
(02:11 / Allies) sc2no.wc4yes: i have control issues
(02:22 / Allies) tryingrandom: cause ur a republican?
(02:23 / Allies) klinsibayern: - -!
(02:26 / Allies) sc2no.wc4yes: yea
(08:01 / Allies) tryingrandom: hey wtf
(08:03 / Allies) tryingrandom: y u taking my expo :(
(08:09 / Allies) sc2no.wc4yes: ill help you get the upstairs one
(08:11 / Allies) tryingrandom: k
(09:14 / Allies) tryingrandom: teal has a zeppelin
(10:43 / Allies) tryingrandom: tp out
(11:19 / Allies) tryingrandom: lol
(11:20 / Allies) tryingrandom: he has to tp
(11:38 / Allies) sc2no.wc4yes: b
(14:36 / Allies) sc2no.wc4yes: you flew right past him dude
(14:40 / Allies) sc2no.wc4yes: lay off the bong
(14:40 / Allies) tryingrandom: oh shit sry
(14:41 / Allies) tryingrandom: lol
(16:38 / Allies) klinsibayern: red build a shop at back of towers
(17:18 / Allies) tryingrandom: dem bats
(17:28 / Allies) klinsibayern: tp out
(21:37 / Allies) Orcrinds: 100 gold plz
(21:39 / Allies) tryingrandom: oj has a base up there
(21:52 / Allies) Orcrinds: ty now i cn party
(22:01 / Allies) tryingrandom: tp out
(22:06 / Allies) tryingrandom: it's 3v1
(22:07 / Allies) tryingrandom: tp out
(22:15 / Allies) tryingrandom: or jsut feed them ur entire army...
(22:40 / All) sc2no.wc4yes: LOL
(22:42 / All) tryingrandom: XD
(22:43 / All) kylor: all 3 gone
(22:56 / All) tryingrandom: this is why i love this game lol
(24:05 / Allies) sc2no.wc4yes: those taurens are burning a hole in orc rinds pocket
(24:08 / Allies) sc2no.wc4yes: he cant wait ot suicide them
(25:26 / All) tryingrandom: god damn wtf is green doing
(30:09 / All) tryingrandom: u gys left yellow expoless
(31:10 / All) tryingrandom: u n' ur god dayum sentry wards
(33:50 / Allies) tryingrandom: oh dat clever bastards
(36:31 / Allies) sc2no.wc4yes: wow you guys had to feed him level 6
(36:47 / Allies) tryingrandom: i'll hex
(36:49 / Allies) tryingrandom: if he tries again
(37:32 / Allies) sc2no.wc4yes: BACK UP
(37:36 / Allies) tryingrandom: PINK WTF
(37:40 / Allies) sc2no.wc4yes: or we get to face a level 6 potm too
(38:51 / All) sc2no.wc4yes: this is like pros vs joes
(38:52 / Allies) tryingrandom: let it go
(39:56 / All) tryingrandom: divine shield OP
(40:28 / All) dhck: we get it
(40:35 / All) tryingrandom: no i really meant that
(40:37 / All) tryingrandom: and not as an insult
(42:41 / All) tryingrandom: wow lol
(42:46 / All) tryingrandom: hex was just about to wear off
(42:49 / All) tryingrandom: and i was gonna tp
(42:50 / All) tryingrandom: xD
(42:53 / Allies) tryingrandom: oh ty red
(42:58 / Allies) Orcrinds: ty red
(43:40 / Allies) tryingrandom: upgrade
(43:41 / Allies) tryingrandom: asap
(43:45 / Allies) tryingrandom: OH SHIT
(43:46 / Allies) tryingrandom: IT GOT SCOUTED
(43:48 / Allies) tryingrandom: UPGRADE
(45:01 / Allies) tryingrandom: :/
(45:11 / Allies) tryingrandom: 3 dragons
(45:12 / Allies) tryingrandom: god dayum
(45:32 / Allies) klinsibayern: dont wast one or 2 bats on it
(45:41 / Allies) tryingrandom: i switched to raiders
(45:42 / Allies) sc2no.wc4yes: vs a dragon you either have to use 9 bats or none
(45:44 / Allies) tryingrandom: since i got pillage
(45:46 / Allies) sc2no.wc4yes: raiders are terrible
(45:49 / Allies) sc2no.wc4yes: get wyvs
(45:50 / Allies) tryingrandom: I NEED PILLAGE
(45:52 / Allies) tryingrandom: FOR MONEY
(45:54 / Allies) sc2no.wc4yes: you wont pillage
(46:00 / Allies) sc2no.wc4yes: if you go near their buildings you will jsut feed them raiders
(46:02 / Allies) tryingrandom: i can try
(46:06 / Allies) tryingrandom: nah i can micro them back
(46:09 / Allies) sc2no.wc4yes: lol
(46:18 / Allies) sc2no.wc4yes: k
(46:19 / Allies) sc2no.wc4yes: lets go in
(47:29 / All) tryingrandom: RUN INVISIBUNNY RUN
(47:56 / Allies) tryingrandom: B
(47:56 / Allies) tryingrandom: B
(47:58 / Allies) tryingrandom: TOO MANY TOWERS
(47:59 / Allies) tryingrandom: AND EQ
(49:21 / Allies) sc2no.wc4yes: how much gold did you pillage
(49:27 / Allies) tryingrandom: 400
(49:33 / Allies) sc2no.wc4yes: that almost pays for the units you lost
(49:39 / Allies) tryingrandom: my zeppelin?
(49:42 / Allies) sc2no.wc4yes: and a raider
(49:47 / Allies) tryingrandom: it forced a tp
(49:50 / Allies) tryingrandom: and he doesn't have a zepp
(49:52 / Allies) sc2no.wc4yes: oh you didnt lose a raider
(49:52 / Allies) tryingrandom: so he has to buy one too
(49:59 / Allies) Orcrinds: 100 gold plz
(50:18 / All) tryingrandom: fucking plants hurt
(51:53 / Allies) sc2no.wc4yes: cant you guys bat their air
(51:56 / Allies) sc2no.wc4yes: or are you on the tauren only diet
(52:06 / Allies) Orcrinds: i can make bats
(52:20 / Allies) klinsibayern: can u bring his air down with ur raiders
(52:26 / Allies) sc2no.wc4yes: raiders are not good aa
(52:27 / Allies) tryingrandom: yeah
(52:29 / Allies) sc2no.wc4yes: thats a noob myth
(52:33 / Allies) tryingrandom: i'll try tho lol
(52:34 / Allies) sc2no.wc4yes: every air uni tin the game rapes raiders
(52:44 / Allies) tryingrandom: he has a tp on his SH
(52:46 / Allies) sc2no.wc4yes: this is over
(52:49 / Allies) tryingrandom: so i hex that
(52:51 / Allies) sc2no.wc4yes: they have a collective 150 apm on us
(54:11 / Allies) tryingrandom: oh nice
(54:11 / Allies) tryingrandom: lvl 6
(54:36 / All) tryingrandom: hope this doesn't turn into the world's longest 4v4...
(54:43 / Allies) sc2no.wc4yes: its nowhere near that
(55:33 / Allies) Orcrinds: that needs addressing
(55:41 / Allies) tryingrandom: it only had
(55:43 / Allies) tryingrandom: 1600gold
(55:47 / Allies) Orcrinds: ok
(55:49 / Allies) tryingrandom: and he's in low upkeep
(55:52 / Allies) tryingrandom: so that's only 1k for him really
(56:03 / Allies) tryingrandom: keep charming
(57:03 / All) tryingrandom: wtf oj
(57:05 / All) tryingrandom: u didn't creep ur green
(57:27 / Allies) sc2no.wc4yes: foucs on not losing units now
(57:33 / Allies) Orcrinds: ok
(57:42 / Allies) tryingrandom: use fountain of health
(57:58 / Allies) sc2no.wc4yes: shit
(57:58 / Allies) klinsibayern: thats shit
(58:02 / Allies) klinsibayern: should tped
(58:09 / Allies) Orcrinds: wha happened?
(58:09 / Allies) sc2no.wc4yes: he hexed and stomped me
(58:11 / Allies) sc2no.wc4yes: in just the right order
(58:40 / Allies) sc2no.wc4yes: net his ass
(59:05 / Allies) sc2no.wc4yes: nvm
(59:09 / Allies) sc2no.wc4yes: play defensive
(59:14 / Allies) sc2no.wc4yes: ill siege this
(59:17 / Allies) sc2no.wc4yes: hit it with long distance chim breath
(59:23 / Allies) klinsibayern: no cant oj has too big army
(59:27 / Allies) sc2no.wc4yes: use chim breath on building
(59:29 / Allies) klinsibayern: go harras oj top expo
(59:31 / Allies) sc2no.wc4yes: its 1100 range vs buildilngs
(59:48 / Allies) tryingrandom: don't waste bats
(59:49 / Allies) tryingrandom: on the dragons
(60:23 / Allies) sc2no.wc4yes: make some fucking bats
(60:25 / Allies) sc2no.wc4yes: and blow those wyvs up
(60:48 / Allies) Orcrinds: pumping bats now
(60:53 / Allies) sc2no.wc4yes: dont use them on dragons
(60:57 / Allies) sc2no.wc4yes: save them for that one guy with 20 wyvs
(60:59 / Allies) Orcrinds: ten four
(61:23 / Allies) sc2no.wc4yes: those dragons are game breaking
(61:26 / Allies) sc2no.wc4yes: we have no way of killing those
(61:28 / Allies) tryingrandom: can i get 200g
(61:30 / Allies) tryingrandom: for hero revival
(61:37 / Allies) tryingrandom: ty
(61:39 / Allies) sc2no.wc4yes: last 200 you get so dont let it die again
(61:41 / Allies) sc2no.wc4yes: i have no income
(61:49 / Allies) tryingrandom: green gave me 200 too
(62:17 / Allies) sc2no.wc4yes: GOT ONE
(62:20 / Allies) tryingrandom: told u raiders owuld be good
(62:21 / Allies) tryingrandom: :P
(62:29 / Allies) klinsibayern: cool next time focus on one
(62:35 / Allies) tryingrandom: i focused the one
(62:36 / Allies) tryingrandom: we got
(62:42 / Allies) klinsibayern: yea
(62:54 / Allies) sc2no.wc4yes: BAT THOSE WYVS
(64:24 / Allies) tryingrandom: nice
(64:38 / Allies) tryingrandom: lawl
(64:41 / Allies) tryingrandom: he lost hiswalkers
(64:50 / Allies) tryingrandom: NOOOOOOOOO
(65:54 / Allies) tryingrandom: ensaner stops the fall
(65:55 / Allies) tryingrandom: hehe
(66:19 / Allies) tryingrandom: B
(66:20 / Allies) tryingrandom: WTF
(66:22 / Allies) tryingrandom: PULL BAKC
(66:55 / Allies) tryingrandom: yay phx lol
(67:08 / All) tryingrandom: can u guys be honest
(67:12 / All) tryingrandom: is oj's expo on that hill right there
(67:16 / All) tryingrandom: the last one left?
(67:53 / All) sc2no.wc4yes: LOL
(67:54 / All) sc2no.wc4yes: YES
(67:56 / All) sc2no.wc4yes: RAID BOSS DOWN
(68:00 / All) tryingrandom: finally
(68:01 / All) tryingrandom: oj was ur mvp
(68:03 / All) tryingrandom: now he left
(68:05 / All) tryingrandom: thank goodness
(68:13 / All) tryingrandom: gg lol
(68:14 / All) sc2no.wc4yes: gG
(68:15 / All) sc2no.wc4yes: EASY
(68:16 / All) tryingrandom: longest fucking game